 Dungeon Crawl Stone Soup version 0.24-a0-309-g1095bcad4c (webtiles) character file.

Game seed: 4958671581614324523

14457 MachJacob the Zephyrmancer (level 12, 0/72 HPs)
             Began as a Tengu Air Elementalist on May 14, 2019.
             Was an Initiate of Ru.
             Slain by a bog body (14 damage)
             ... on level 3 of the Lair of Beasts.
             The game lasted 01:31:11 (25228 turns).

MachJacob the Zephyrmancer (TeAE)                  Turns: 25228, Time: 01:31:12

Health: 0/72       AC: 12    Str:  8    XL:     12   Next: 16%
Magic:  22/25      EV: 17    Int: 22    God:    Ru [......]
Gold:   1122       SH:  3    Dex: 14    Spells: 10/28 levels left

rFire    . . .     SeeInvis .   b - +1 hunting sling
rCold    . . .     Gourm    .   Q - +0 buckler
rNeg     . . .     Faith    .   P - +0 steam dragon scales
rPois    .         Spirit   .   M - +1 hat
rElec    .         Reflect  .   v - +1 cloak {+Inv}
rCorr    .         Harm     .   E - +1 pair of gloves
MR       +....                  (boots unavailable)
Stlth    ++........             (no amulet)
HPRegen  0.22/turn              j - ring of wizardry
MPRegen  0.19/turn              K - ring of protection from magic

@: flying quickly and evasively, slowed, very slow
A: beak, talons 3, able to fly
a: Stop Flying, Renounce Religion, Evoke Invisibility


You were on level 3 of the Lair of Beasts.
You worshipped Ru.
Ru was noncommittal.
You were not hungry.

You visited 2 branches of the dungeon, and saw 14 of its levels.
You also visited: Ossuary and Volcano.

You collected 1122 gold pieces.

Inventory:

Hand Weapons
 a - a +5 trident of flaming
 b - a +1 hunting sling (weapon)
 T - the +5 hunting sling of Wu Jian's Generosity {freeze, *Corrode rElec MP-9 SInv}
   (You acquired it on level 2 of the Lair of Beasts)

   It causes projectiles fired from it to freeze those they strike, causing
   extra injury to most foes and up to half again as much damage against
   particularly susceptible opponents.
   They can also slow down cold-blooded creatures.
   It insulates you from electricity.
   It affects your magic capacity (-9).
   It lets you see invisible.
   It may corrode you when you take damage.
Missiles
 f - 31 sling bullets (quivered)
 r - 382 stones
 G - a throwing net
Armour
 n - a +0 shield
 v - a +1 cloak of invisibility (worn)
 E - a +1 pair of gloves (worn)
 F - a +2 robe of fire resistance
 M - a +1 hat (worn)
 P - +0 steam dragon scales (worn)
 Q - a +0 buckler (worn)
Jewellery
 j - a ring of wizardry (left hand)
 u - an uncursed amulet of faith
 I - a cursed ring of attention {unknown}
 K - a ring of protection from magic (right hand)
Wands
 d - a wand of acid (10)
 m - a wand of digging (6)
 t - a wand of random effects (32)
 z - a wand of paralysis (11)
 L - a wand of iceblast (17)
 N - a wand of flame (29)
Scrolls
 h - 5 scrolls of enchant weapon
 k - 2 scrolls of identify
 o - 8 scrolls of remove curse
 q - 9 scrolls of teleportation
 s - 2 scrolls of fog
 y - 2 scrolls of noise {unknown}
 B - a scroll of amnesia {unknown}
 C - 2 scrolls of magic mapping
 H - a scroll of immolation
 J - 2 scrolls of fear
Potions
 e - 5 potions of might
 g - 3 potions of haste
 i - a potion of lignification
 l - a potion of cancellation
 p - a potion of berserk rage {unknown}
 w - a potion of brilliance {unknown}
 x - 2 potions of agility
 A - 3 potions of resistance
 D - 3 potions of invisibility {unknown}
 O - 3 potions of flight {unknown}
 S - 4 potions of curing
Miscellaneous
 R - a box of beasts
Comestibles
 c - 8 rations


   Skills:
 + Level 7.4 Fighting
 + Level 8.2 Armour
 - Level 6.0 Dodging
 - Level 2.0 Stealth
 + Level 8.6 Spellcasting
 - Level 10.0 Conjurations
 - Level 2.2 Hexes
 + Level 11.0 Air Magic
 - Level 5.0 Evocations


You had 10 spell levels left.
You knew the following spells:

 Your Spells              Type           Power        Failure   Level  Hunger
a - Shock                 Conj/Air       ####         1%          1    None
b - Swiftness             Chrm/Air       ####....     1%          2    None
c - Static Discharge      Conj/Air       ######..     1%          3    None
d - Airstrike             Air            ######....   1%          4    ###....
e - Summon Butterflies    Summ           #.......     4%          1    None
f - Apportation           Tloc           #.....       4%          1    None
x - Confusing Touch       Hex            ###...       1%          1    None
z - Lightning Bolt        Conj/Air       ######....   1%          5    #####..

Your spell library contained the following spells:

 Spells                   Type           Power        Failure   Level  Hunger
 Magic Dart               Conj           ####         1%          1    None
 Searing Ray              Conj           ######       1%          2    None
 Dazzling Spray           Conj/Hex       #####.       1%          3    None
 Iskenderun's Mystic Bla  Conj           ######..     1%          4    ###....
 Animate Skeleton         Necr           N/A          4%          1    None
 Summon Small Mammal      Summ           #...         4%          1    None
 Fulminant Prism          Conj/Hex       #####.....   4%          4    ###....
 Tukima's Dance           Hex            ###.....     6%          3    None
 Force Lance              Conj/Tloc      ####....     6%          4    ###....
 Lesser Beckoning         Tloc           #.........   14%         3    None
 Alistair's Intoxication  Tmut/Pois      #.......     75%         5    #####..
 Invisibility             Hex            ###.....     94%         6    ######.


Dungeon Overview and Level Annotations

Branches:
Dungeon (11/15)            Temple (0/1) D:6            Lair (3/6) D:9
  Swamp (0/4) Lair:3       Spider (0/4) Lair:3
    Orc: D:9-12

Altars:
Cheibriados
Gozag
Ru
Trog
Uskayaw

Shops:
D:4 }   D:9 %

Annotations:
D:3 Sigmund
D:6 1 runed translucent door, Prince Ribbit; twist's ghost, novice BaTm


Innate Abilities, Weirdness & Mutations

You have a beak for a mouth.
You have claws for feet.
You can fly continuously.


Message History

* * * LOW HITPOINT WARNING * * *
The bolt of cold hits the fungus!
Press: ? - help, v - describe, . - travel
Here: a bog body (heavily damaged)
The floor.
Okay, then.
Press: ? - help, v - describe, . - travel
Here: a bog body The floor.
Press: ? - help, v - describe, . - travel The floor, spattered with blood.
Press: ? - help, v - describe, . - travel
Here: a bog body (heavily damaged)
The floor.
You fail to use your ability.
The bog body closely misses you. The bog body completely misses you.
The bog body barely misses you. The bog body touches you.
* * * LOW HITPOINT WARNING * * *
The bog body freezes you!
You die...

#.........♣
#........≈§§§≈.......
#........§§§§§......
#......#.§§♣§≈.....#
##......#..§♣≈.....P#
#.......# (.....##
##.......# ##.(.!..#
#........# #..nn.<.#
.........######.@...#
.........##...#P....##
...............<.....#
...........P.##.......#
.....................##
...........#.#####....#
##.P.#.....### ....#
...........# ###...
.....#....#..# #..


You could see 2 bog bodies.

Vanquished Creatures
  2 two-headed ogres
  A wizard (Volcano)
  A black mamba (Lair:1)
  5 spiny frogs
  A rime drake (Lair:2)
  2 komodo dragons
  2 jumping spiders (Lair:3)
  A hornet (D:11)
  4 blink frogs (Lair:2)
  6 hippogriffs
  10 yaks
  4 redbacks (Lair:3)
  A steam dragon (D:10)
  3 wargs (D:9)
  3 water moccasins
  Duvessa (D:7)
  5 porcupines
  2 slaves (D:5)
  3 ice beasts
  A sky beast (D:11)
  A necrophage (D:11)
  An orc warrior (D:10)
  An eye of draining (D:11)
  3 ogres
  4 centaurs
  2 crocodiles (Lair:2)
  3 big kobolds
  8 bullfrogs
  Dowan (D:7)
  4 scorpions
  4 howler monkeys
  A bullfrog zombie (D:11)
  3 crimson imps
  A quasit (D:7)
  3 jellies
  7 orc priests
  A bullfrog skeleton (D:9)
  2 centaur skeletons
  An iguana (D:6)
  11 orc wizards
  6 worker ants
  A big kobold zombie (Ossuary)
  2 hound zombies
  2 hound skeletons
  8 mummies (Ossuary)
  Robin (D:4)
  2 worker ant zombies
  9 gnolls
  6 adders
  2 shadow imps (D:5)
  2 oozes
  An adder zombie (D:5)
  A worm (D:3)
  4 dart slugs
  10 leopard geckos
  35 orcs
  A ball python (D:3)
  7 bats
  3 giant cockroaches
  16 goblins
  10 hobgoblins
  6 jackals (D:2)
  3 quokkas
  2 frilled lizards
  4 gnoll zombies (Ossuary)
  A hobgoblin zombie (Ossuary)
  20 kobolds
  2 kobold zombies (Ossuary)
  2 leopard gecko zombies
  7 rats
  A plant (Lair:3)
297 creatures vanquished.

Vanquished Creatures (others)
  Pikel (D:6)
  2 slaves (D:6)
  A fungus (Lair:2)
  A plant (Lair:3)
5 creatures vanquished.

Grand Total: 302 creatures vanquished

Notes
Turn   | Place    | Note
-------+----------+-------------------------------------------
     0 | D:1      | MachJacob the Tengu Air Elementalist began the quest for
                  | the Orb.
     0 | D:1      | Reached XP level 1. HP: 10/10 MP: 4/4
   366 | D:1      | Reached XP level 2. HP: 10/15 MP: 1/6
   933 | D:1      | Learned a level 2 spell: Swiftness
  1034 | D:1      | Reached XP level 3. HP: 19/19 MP: 7/7
  1039 | D:1      | Learned a level 3 spell: Static Discharge
  2067 | D:2      | You fall through a shaft for 2 floors!
  2070 | D:4      | Found Jopn's Gadget Shoppe.
  2131 | D:4      | Noticed Robin
  2492 | D:2      | Reached XP level 4. HP: 24/24 MP: 5/8
  2503 | D:2      | Reached skill level 5 in Air Magic
  3009 | D:3      | Noticed Sigmund
  3258 | D:3      | Gained mutation: You can fly continuously. [Tengu growth]
  3258 | D:3      | Reached XP level 5. HP: 28/28 MP: 9/9
  3903 | D:4      | Reached XP level 6. HP: 32/32 MP: 8/11
  3911 | D:4      | Found a sacrificial altar of Ru.
  3921 | D:4      | Became a worshipper of Ru the Awakened
  3973 | D:4      | Reached skill level 6 in Air Magic
  4348 | D:4      | Killed Robin
  4935 | D:4      | Reached skill level 5 in Conjurations
  5291 | D:5      | Entered Level 5 of the Dungeon
  5509 | D:5      | Noticed an ice beast
  5545 | D:5      | Killed an ice beast
  5545 | D:5      | Reached XP level 7. HP: 36/36 MP: 4/12
  6355 | D:5      | Reached skill level 7 in Air Magic
  7193 | D:6      | Reached XP level 8. HP: 40/41 MP: 10/14
  7280 | D:6      | Found a sand-covered staircase.
  7307 | Ossuary  | Entered an ossuary
  7545 | Ossuary  | Reached skill level 8 in Air Magic
  7782 | D:6      | Found a runed translucent door.
  7792 | D:6      | Noticed a komodo dragon
  7793 | D:6      | Noticed twist's ghost (novice BaTm)
  7819 | D:6      | Found a staircase to the Ecumenical Temple.
  7890 | D:6      | Noticed Pikel
  8015 | D:6      | Found a bloodstained altar of Trog.
  8936 | D:6      | Killed Pikel
  8936 | D:6      | Reached skill level 5 in Dodging
  9167 | D:6      | HP: 2/41 [poisoned by a worker ant]
  9175 | D:6      | HP: 1/41 [poisoned by a worker ant]
  9703 | D:6      | Reached skill level 9 in Air Magic
  9743 | D:6      | Found a sacrificial altar of Ru.
  9836 | D:6      | Noticed Prince Ribbit
  9996 | D:7      | Noticed a hippogriff
 10007 | D:7      | Killed a hippogriff
 10007 | D:7      | Reached XP level 9. HP: 28/45 MP: 12/16
 10127 | D:6      | Learned a level 4 spell: Airstrike
 10133 | D:6      | Learned a level 5 spell: Lightning Bolt
 10135 | D:6      | Learned a level 1 spell: Apportation
 10137 | D:6      | Learned a level 1 spell: Confusing Touch
 10517 | D:7      | You are sucked into a shaft!
 10517 | D:8      | Found an opulent altar of Gozag.
 10523 | D:8      | Noticed a two-headed ogre
 10702 | D:7      | Found a hide-covered altar of Uskayaw.
 10702 | D:7      | Found a snail-covered altar of Cheibriados.
 11100 | D:7      | Noticed Duvessa
 11120 | D:7      | Noticed Dowan
 11125 | D:7      | Killed Duvessa
 11125 | D:7      | Reached skill level 10 in Air Magic
 11137 | D:7      | Killed Dowan
 11546 | D:7      | Reached skill level 5 in Spellcasting
 12237 | D:7      | Reached skill level 1 in Armour
 12237 | D:7      | Reached skill level 1 in Hexes
 12275 | D:8      | Reached skill level 1 in Fighting
 13297 | D:8      | Identified 2 scrolls of acquirement
 13703 | D:8      | Reached skill level 10 in Conjurations
 13795 | D:8      | Reached skill level 1 in Evocations
 13795 | D:8      | Reached XP level 10. HP: 53/53 MP: 5/19
 14061 | D:8      | Killed a two-headed ogre
 15074 | D:9      | Found a staircase to the Lair.
 15240 | D:9      | Found Ixuimm's Food Emporium.
 15361 | D:9      | You are sucked into a shaft!
 15361 | D:10     | Entered Level 10 of the Dungeon
 16381 | D:11     | Learned a level 1 spell: Summon Butterflies
 16529 | D:11     | Paralysed by a hornet for 2 turns
 17212 | D:11     | Noticed a two-headed ogre
 17275 | D:11     | Killed a two-headed ogre
 17275 | D:11     | Reached skill level 5 in Armour
 17275 | D:11     | Reached XP level 11. HP: 62/62 MP: 15/22
 17719 | Lair:1   | Entered Level 1 of the Lair of Beasts
 17744 | Lair:1   | Found a dark tunnel.
 17753 | Volcano  | Entered a volcano
 17760 | Volcano  | Noticed a wizard
 17780 | Volcano  | Killed a wizard
 17780 | Volcano  | Reached skill level 5 in Fighting
 17844 | Volcano  | Noticed a wizard
 17869 | Volcano  | Noticed a wizard
 18488 | Lair:1   | Reached skill level 5 in Evocations
 20865 | Lair:2   | Noticed a catoblepas
 23716 | Lair:3   | Reached XP level 12. HP: 54/72 MP: 18/25
 24375 | Lair:3   | Found a hole to the Spider Nest.
 24525 | Lair:2   | Got a pitted hunting sling
 24528 | Lair:2   | Identified the +5 hunting sling of Wu Jian's Generosity
                  | {freeze, *Corrode rElec MP-9 SInv} (You acquired it on
                  | level 2 of the Lair of Beasts)
 25028 | Lair:3   | Reached skill level 11 in Air Magic
 25217 | Lair:3   | Found a staircase to the Swamp.
 25228 | Lair:3   | Slain by a bog body

Levels and vault maps discovered:
D:1:      zaba_arrival_water, layout_loops_ring, minmay_domino_4
D:2:      layout_loops_corners, first_ration
D:3:      layout_basic, uniq_sigmund
D:4:      layout_loops_cross, lemuel_round_altar, portal_sewer_entry_d,
          serial_glass, glass_columns_c, glass_columns_a, serial_shops, shop,
          minmay_misc_feat_nine_boxes, kennysheep_path_1, uniq_robin
D:5:      layout_layer_cave
D:6:      layout_loops_ring, marbit_many_paths, minmay_temple_entry_slanted,
          nicolae_ossuary_entry_false_entrances, ebering_ghost_inner_flame,
          nicolae_ru_the_path_less_chosen, uniq_prince_ribbit1, uniq_pikel
D:7:      layout_gridville, gammafunk_temple_overflow_wave, grunt_ogre_cave,
          uniq_duvessa
D:8:      layout_gridville, nicolae_gozag_cash_rules_everything_around_me
D:9:      layout_roguey, erik_lair_orcish_takeover, serial_shops,
          nicolae_shop_statue_plus, minmay_variable_closet,
          minmay_fractal_squares_gapless_5
D:10:     layout_cave_pods
D:11:     layout_rooms
Lair:1:   layout_roguey, nicolae_volcano_entry_two_sided
Lair:2:   layout_regular_city, minmay_holes, infiniplex_staircase_pool_2
Lair:3:   layout_chaotic_city, skrybe_swamp_entry_bodies,
          nicolae_spider_entry_tight_spaces, beast_lair_carwin_7

Skill      XL: |  1  2  3  4  5  6  7  8  9 10 11 12 |
---------------+-------------------------------------+-----
Conjurations   | 2 3 4 5 6 8 10 | 10.0
Air Magic      | 5 6 7 9 10 11 | 11.0
Dodging        | 3 4 5 6 |  6.0
Spellcasting   | 3 4 5 6 8 |  8.6
Armour         | 2 5 7 8 |  8.2
Hexes          | 2 |  2.2
Fighting       | 1 4 7 |  7.4
Evocations     | 1 4 5 |  5.0
Stealth        | |  2.0

Action                   |  1- 3 |  4- 6 |  7- 9 | 10-12 || total
-------------------------+-------+-------+-------+-------++-------
Melee: Dagger            |       |       |    39 |       ||    39
       Trident           |       |       |    17 |    67 ||    84
       Peck              |       |       |     7 |    14 ||    21
       Kick              |       |       |     6 |    18 ||    24
       Hunting sling     |       |       |       |     1 ||     1
 Fire: Hunting sling     |    72 |    94 |   283 |   256 ||   705
Throw: Stone             |       |       |     5 |       ||     5
 Cast: Shock             |    39 |    76 |    89 |    96 ||   300
       Static Discharge  |       |       |    33 |   129 ||   162
       Airstrike         |       |       |     5 |    13 ||    18
       Confusing Touch   |       |       |     4 |     8 ||    12
       Lightning Bolt    |       |       |       |     7 ||     7
Invok: Reject Sacrifices |       |       |       |     1 ||     1
 Abil: Fly               |       |     1 |       |       ||     1
       Evoke Invisibilit |       |       |       |     1 ||     1
Evoke: Wand              |       |       |       |     4 ||     4
  Use: Scroll            |     3 |     7 |    11 |     5 ||    26
       Potion            |       |     2 |     3 |     9 ||    14
 Stab: Confused          |       |       |     1 |     4 ||     5
  Eat: Chunk             |     5 |     9 |    20 |    19 ||    53
       Ration            |       |       |     2 |     6 ||     8
Armor: Robe              |     5 |     1 |    18 |     7 ||    31
       Leather armour    |       |       |    15 |    12 ||    27
       Steam dragon scal |       |       |       |    53 ||    53
       Skin              |       |       |       |     1 ||     1
Dodge: Dodged            |    40 |    42 |   204 |   258 ||   544
Block: Buckler           |       |       |       |    10 ||    10

Table legend:
 A = Non-vault XP
 B = Vault XP
 C = Vault XP percentage of total XP
 D = Non-vault monster count
 E = Vault monster count
 F = Vault count percentage of total count
                 A         B        C        D         E       F
            +---------+---------+-------+---------+---------+-------
      Total |   16775 |    3879 |  18.8 |     240 |      54 |  18.4
            +---------+---------+-------+---------+---------+-------
        D:1 |      41 |       5 |  10.9 |      18 |       3 |  14.3
        D:2 |      91 |       0 |   0.0 |      25 |       0 |   0.0
        D:3 |     122 |       2 |   1.6 |      14 |       1 |   6.7
        D:4 |     229 |      49 |  17.6 |      17 |      12 |  41.4
        D:5 |     602 |       0 |   0.0 |      17 |       0 |   0.0
        D:6 |     451 |     441 |  49.4 |      16 |       2 |  11.1
        D:7 |    1356 |     341 |  20.1 |      18 |       3 |  14.3
        D:8 |    1774 |       0 |   0.0 |      22 |       0 |   0.0
        D:9 |     419 |     654 |  61.0 |      14 |       9 |  39.1
       D:10 |     534 |       0 |   0.0 |      14 |       0 |   0.0
       D:11 |    2098 |       0 |   0.0 |      27 |       0 |   0.0
     Lair:1 |    3093 |       0 |   0.0 |      14 |       0 |   0.0
     Lair:2 |    3325 |       0 |   0.0 |      14 |       0 |   0.0
     Lair:3 |    2640 |    1600 |  37.7 |      10 |       7 |  41.2
    Ossuary |       0 |     177 | 100.0 |       0 |      16 | 100.0
    Volcano |       0 |     610 | 100.0 |       0 |       1 | 100.0
            +---------+---------+-------+---------+---------+-------
